 Dungeon Crawl Stone Soup version 0.30.0-19-g36f170ea60 (webtiles) character file.

Game seed: 2745277121777659587

5242 olmar the Blocker (level 10, -6/115 HPs)
             Began as a Formicid Fighter on May 28, 2023.
             Was an Initiate of Gozag.
             Mangled by a yak (8 damage)
             ... on level 9 of the Dungeon.
             The game lasted 00:10:00 (8414 turns).

olmar the Blocker (Formicid Fighter)                Turns: 8414, Time: 00:10:01

Health: -6/115     AC: 25    Str: 25    XL:     10   Next: 92%
Magic:  10/10      EV:  2    Int:  8    God:    Gozag
Gold:   600        SH: 11    Dex: 13    Spells: 9/9 levels left

rFire   + + .        a - +0 flail
rCold   + . .        c - +0 buckler
rNeg    . . .        b - melded +0 scale mail
rPois   +            (helmet unavailable)
rElec   +            (cloak currently unavailable)
rCorr   +            A - melded +0 pair of gloves
SInv    .            g - melded +0 pair of boots
Will    ++...        m - amulet "Uzedat" {Reflect rElec Will+ SH+5 Stlth+}
Stlth   +++          i - +5 ring of evasion
HPRegen 0.39/turn    j - ring of protection from fire
MPRegen 0.12/turn

%: reflection
@: mighty, tree-form, resistant
A: stationary, stasis, torment immunity, boosted hp, permanent stasis, dig
shafts and tunnels, (antennae 3), four strong arms
a: End Transformation, Renounce Religion, Potion Petition, Call Merchant, Bribe
Branch


You were on level 9 of the Dungeon.
You worshipped Gozag.
Gozag was pleased with you.
You were a tree.
You visited 2 branches of the dungeon, and saw 10 of its levels.
You also visited: Ossuary.

You collected 1237 gold pieces.
You paid 637 gold pieces to Gozag.

Inventory:

Hand Weapons
 a - a +0 flail (weapon)
 d - a +1 giant club
Missiles
 s - 25 poisoned darts (quivered)
 E - a curare-tipped dart
Armour
 b - a +0 scale mail (melded)
 c - a +0 buckler (worn)
 g - a +0 pair of boots (melded)
 A - a +0 pair of gloves (melded)
Jewellery
 i - a +5 ring of evasion (left branch)
 j - a ring of protection from fire (right branch)
 m - the amulet "Uzedat" (around neck) {Reflect rElec Will+ SH+5 Stlth+}
   (You found it on level 2 of the Dungeon)

   [amulet of reflection]

   It reflects blocked missile attacks.
   rElec:     It insulates you from electricity.
   SH:        It affects your SH (+5).
   Will:      It increases your willpower.
   Stlth:     It makes you more stealthy.
 t - an amulet of the acrobat
Wands
 C - a wand of digging (11)
 F - a wand of light (12)
 L - a wand of flame (6)
Scrolls
 k - a scroll of enchant armour {unknown}
 l - 3 scrolls of immolation
 n - 4 scrolls of teleportation
 q - a scroll of enchant weapon
 r - a scroll of torment {unknown}
 u - a scroll of poison {unknown}
 y - a scroll of butterflies {unknown}
 B - a scroll of magic mapping {unknown}
 D - a scroll of blinking {unknown}
 G - a scroll of silence {unknown}
 H - a scroll of fog {unknown}
 J - a scroll of identify
Potions
 e - 4 potions of haste
 f - 6 potions of degeneration
 h - 2 potions of mutation
 o - 2 potions of magic
 p - 5 potions of curing
 v - a potion of attraction
 w - a potion of cancellation {unknown}
 x - a potion of resistance {unknown}
 z - 4 potions of might
 I - a potion of flight {unknown}
 K - a potion of lignification {unknown}


   Skills:
 + Level 6.8 Fighting
 + Level 9.8 Maces & Flails
 + Level 1.3 Throwing
 + Level 7.7 Armour
 + Level 3.9 Dodging
 - Level 1.5 Stealth
 + Level 10.2 Shields


You had 9 spell levels left.
You didn't know any spells.
Your spell library contained the following spells:

 Spells                   Type           Power      Damage    Failure   Level
 Beastly Appendage        Tmut           0%         N/A       43%         1
 Ensorcelled Hibernation  Hex/Ice        0%         N/A       58%         2
 Wereblood                Tmut           0%         N/A       58%         2
 Dazzling Flash           Conj/Hex       0%         N/A       82%         3
 Spider Form              Tmut/Pois      0%         N/A       82%         3
 Anguish                  Hex/Necr       0%         N/A       99%         4
 Agony                    Necr           0%         N/A       100%        5
 Silence                  Hex/Air        0%         N/A       100%        5


Dungeon Overview and Level Annotations

Branches:
Dungeon (9/15)             Temple (1/1) D:6         Ossuary (visited)
   Lair: D:8-11         Orc: D:9-12

Altars:
Ashenzari
Cheibriados
Dithmenos
Elyvilon
Fedhas
Gozag
Kikubaaqudgha
Makhleb
Okawaru
Ru
Sif Muna
Trog
Uskayaw
Vehumet
Xom
Yredelemnul
Zin
The Shining One

Shops:
D:4 *


Innate Abilities, Weirdness & Mutations

You are a tree.
Your roots penetrate the ground, keeping you stationary.
You cannot be teleported.
You are immune to unholy pain and torment.
Your maximum health is greatly increased.
Your equipment is partially melded.
You cannot be hasted, slowed, berserked, paralysed or teleported.
You can dig through walls and to a lower floor.
((You have a pair of large antennae on your head. (SInv)))
Your four strong arms can wield two-handed weapons with a shield.


Message History

You feel better. The yak gores you but does no damage. The yak gores you!
* * * LOW HITPOINT WARNING * * *
Unknown command.
Unknown command.
Unknown command.
Okay, then.
Unknown command.
Unknown command.
Unknown command.
Unknown command.
Unknown command.
You hit the yak but do no damage.
The yak is heavily wounded.
You block the yak's attack. The yak gores you.
* * * LOW HITPOINT WARNING * * *
Unknown command.
You barely miss the yak.
The yak is heavily wounded.
The yak gores you!
* * * LOW HITPOINT WARNING * * *
The yak barely misses you.
Unknown command.
It was a potion of magic.
Magic courses through your body. The yak gores you!
* * * LOW HITPOINT WARNING * * *
The yak completely misses you.
Okay, then. [a] - 510 gold - lignification, might and resistance [b] - 104 gold - brilliance [c] - 408 gold - lignification, might and resistance Purchase which effect?
You no longer have enough gold to fund merchants seeking to open stores in the dungeon.
You turn into a tree.
Your +0 pair of gloves melds into your body.
Your +0 pair of boots melds into your body.
Your +0 scale mail melds into your body.
Your roots penetrate the ground.
You feel very mighty all of a sudden.
You feel protected. The yak gores you!
You die...
Your body crumbles into a pile of gold.

### #.. ... #####.# #.#
#.# .....# #.# #.# ...
#..######.# #.# ...
#.....[##.# #.# #.#
#.Y###.##.# #.# #.#
.......#♣##.##.###.# #.#
.#..#.###Y.........#
##.#
##..#{#{##.##.###.###...
##.{#Y# #.##.#.........
+ {{{ #.##.#.#.###...
##{ #.##.....####.. Y.
#.####.#......#


.YY #.# #.#####.## .Y# #.# #.# ##.# You could see 2 yaks.

Vanquished Creatures
  Prince Ribbit (D:7)
  6 yaks (D:9)
  A wyvern (D:8)
  6 ice beasts
  4 sky beasts
  An orc warrior (D:6)
  2 ogres (D:5)
  3 centaurs
  4 phantoms
  2 kobold brigands (D:7)
  3 bullfrogs
  A water moccasin zombie (D:5)
  A scorpion (D:5)
  A water moccasin skeleton (D:5)
  4 killer bees (D:7)
  8 howler monkeys
  A crimson imp (D:7)
  A centaur zombie (D:5)
  7 orc priests
  A jelly (D:7)
  A bullfrog skeleton (D:5)
  2 bullfrog zombies (D:5)
  A centaur skeleton (D:5)
  2 sleepcaps
  6 hounds
  4 iguanas (D:5)
  6 orc wizards
  2 scorpion zombies (D:5)
  A killer bee zombie (D:5)
  2 hound zombies (D:5)
  3 mummies
  7 gnolls
  A howler monkey skeleton (D:5)
  7 adders
  A white imp (D:6)
  An ufetubus (D:4)
  4 adder zombies (Ossuary)
  2 dart slugs
  31 orcs
  3 endoplasms
  3 giant cockroaches
  4 gnoll zombies (Ossuary)
  9 goblins
  8 hobgoblins
  5 jackals (D:1)
  8 quokkas
  6 ball pythons
  6 bats
  2 frilled lizards (D:2)
  4 hobgoblin zombies (Ossuary)
  12 kobolds
  10 kobold zombies (Ossuary)
  8 orc zombies (Ossuary)
  3 rats
233 creatures vanquished.

Vanquished Creatures (others)
  A wizard (D:6)
1 creature vanquished.

Grand Total: 234 creatures vanquished

Notes
Turn   | Place    | Note
-------+----------+-------------------------------------------
     0 | D:1      | olmar the Formicid Fighter began the quest for the Orb.
     0 | D:1      | Reached XP level 1. HP: 18/18 MP: 1/1
   112 | D:1      | Reached XP level 2. HP: 12/24 MP: 2/2
   615 | D:1      | Reached XP level 3. HP: 29/29 MP: 3/3
  1059 | D:2      | Reached XP level 4. HP: 35/35 MP: 4/4
  1390 | D:2      | Identified the amulet "Uzedat" {Reflect rElec Will+ SH+5
                  | Stlth+}
  1698 | D:3      | Reached XP level 5. HP: 42/42 MP: 5/5
  1946 | D:3      | Found a faded altar of an unknown god.
  2246 | D:4      | Reached XP level 6. HP: 46/48 MP: 6/6
  2285 | D:4      | Found Lioguv's Gadget Gallery.
  2409 | D:4      | Found an iron altar of Okawaru.
  2674 | D:4      | Reached skill level 1 in Dodging
  2860 | D:4      | Reached skill level 5 in Shields
  2992 | D:5      | Entered Level 5 of the Dungeon
  2992 | D:5      | Noticed an ogre
  3020 | D:5      | Noticed an ice beast
  3023 | D:5      | Noticed an ogre
  3043 | D:5      | Killed an ice beast
  3050 | D:5      | Reached skill level 1 in Stealth
  3050 | D:5      | Reached XP level 7. HP: 49/55 MP: 7/7
  3085 | D:5      | Reached skill level 5 in Maces & Flails
  3118 | D:5      | Reached skill level 6 in Shields
  3129 | D:5      | Reached XP level 8. HP: 55/61 MP: 8/8
  3249 | D:5      | Reached skill level 5 in Armour
  3249 | D:5      | Reached skill level 7 in Shields
  3337 | D:5      | Found a sand-covered staircase.
  3345 | D:5      | Reached skill level 5 in Fighting
  3348 | Ossuary  | Entered an ossuary
  3873 | D:5      | Reached XP level 9. HP: 57/68 MP: 9/9
  4507 | D:6      | Found a staircase to the Ecumenical Temple.
  4544 | Temple   | Entered the Ecumenical Temple
  4581 | Temple   | Became a worshipper of Gozag Ym Sagoz the Greedy
  4753 | D:6      | Found a bloodstained altar of Trog.
  4755 | D:6      | Noticed a wizard
  4760 | D:6      | Killed a wizard
  4837 | D:6      | Found an ancient bone altar of Kikubaaqudgha.
  4857 | D:6      | Reached skill level 8 in Shields
  5904 | D:7      | Reached XP level 10. HP: 60/76 MP: 10/10
  6058 | D:7      | Reached skill level 9 in Shields
  6308 | D:7      | Found a burning altar of Makhleb.
  6848 | D:8      | Reached skill level 1 in Throwing
  6880 | D:8      | Noticed Prince Ribbit
  7013 | D:7      | Killed Prince Ribbit
  7285 | D:8      | Found a blossoming altar of Fedhas.
  7450 | D:8      | Reached skill level 10 in Shields
  7568 | D:8      | Found a shimmering blue altar of Sif Muna.
  7814 | D:8      | Identified the +5 spear of Kyil {heavy, Str+2 Dex+3 Stlth-}
  8137 | D:9      | Found a white marble altar of Elyvilon.
  8413 | D:9      | HP: 1/77 [yak (7)]
  8414 | D:9      | Mangled by a yak

Illustrated notes

Levels and vault maps discovered:
D:1:      minmay_arrival_four_loops, layout_basic
D:2:      layout_basic
D:3:      layout_basic, hellmonk_ecumenical_altar_zigzags,
          kennysheep_generic_room_5
D:4:      minmay_door_path, layout_loops_ring, overflow_temple_1_default,
          nicolae_shop_gadgets
D:5:      layout_rooms, gup_ossuary_entry_pyramid, serial_undead,
          serial_undead_b, serial_undead_c, serial_undead_d, serial_undead_f,
          serial_undead_e, serial_undead_d, serial_undead_b, serial_undead_d
D:6:      layout_loops_ring, trog_wizard, nicolae_kikubaaqudgha_miasma_corner,
          minmay_temple_entry_statues_fountains, serial_park_tiny_1
D:7:      layout_basic, makhleb_grotto_becter, minivault_23,
          hangedman_abyss_or_decor_stabs
D:8:      layout_loops_ring, mainiacjoe_overflow_brackets, lemuel_doored_altar,
          eino_small_chamber_without_monster, grunt_decor_clamped,
          kennysheep_generic_room_15, uniq_prince_ribbit1
D:9:      layout_loops_ring, nemelex_diamond_rough_becter, minitemple,
          old_standard_altar
Temple:   nicolae_temple_x_marks_the_god

Skill      XL: |  1  2  3  4  5  6  7  8  9 10 |
---------------+-------------------------------+-----
Maces & Flails | 3 4 5 6 8 9 |  9.8
Fighting       | 4 5 6 |  6.8
Armour         | 4 5 6 7 |  7.7
Dodging        | 1 2 3 |  3.9
Shields        | 5 6 7 8 10 | 10.2
Stealth        | 1 |  1.5
Throwing       | 1 |  1.3

Action                     |  1- 3 |  4- 6 |  7- 9 | 10-12 || total
---------------------------+-------+-------+-------+-------++-------
  Melee: Flail             |    90 |   187 |   549 |   311 ||  1137
  Throw: Dart              |       |       |    11 |     8 ||    19
 Invoke: Potion Petition   |       |       |       |     1 ||     1
    Use: Scroll            |       |     5 |     3 |       ||     8
         Potion            |       |     1 |       |     6 ||     7
   Stab: Sleeping          |       |     1 |       |       ||     1
 Armour: Scale mail        |    43 |    45 |   133 |    45 ||   266
  Dodge: Dodged            |    62 |   118 |   310 |   142 ||   632
  Block: Buckler           |    31 |    81 |   316 |   159 ||   587
         Reflection        |       |     2 |     4 |     4 ||    10
